Map: Oxide LE

Players

Solar - Winner!

  • Race: Zerg Zerg
  • League: Grandmaster
  • Spawn Location: 1:00

DPGCure (Cure)

  • Race: Terran Terran
  • League: Master
  • Spawn Location: 7:00

Event: TSL 6

VOD

Have the link to the VOD?

Description

Time

  • Played on: Dec. 13, 2020, 11:26 a.m.
  • Length: 18:13

All games in this series

Show
View Real Time Build Order
Export as new Build Order

Solar Zerg - Winner!

Build Orders: Hatch First, Muta Ling Bane 

Get SALT Encoding   

  12  0:00  Drone  
  13  0:12  Overlord  
  13  0:16  Drone  
  14  0:30  Drone x2  
  16  0:47  Hatchery  
  15  0:51  Drone  
  15  0:55  Drone  
  17  0:58  Drone  
  18  1:09  Extractor  
  17  1:13  Spawning Pool  
  17  1:16  Drone  
  17  1:19  Drone  
  18  1:27  Drone  
  19  1:38  Drone  
  20  1:49  Drone  
  21  1:59  Queen x2  
  21  2:00  Zergling x4  
  27  2:11  Overlord  
  27  2:13  Drone  
  28  2:23  Hatchery  
  28  2:26  Drone  
  28  2:34  Drone x2  
  29  2:38  Queen  
  31  2:44  Metabolic Boost  
  31  2:47  Overlord  
  31  2:50  Drone  
  32  2:52  Drone  
  32  2:54  Drone  
  32  2:56  Drone  
  35  3:06  Drone  
  35  3:09  Drone x4  
  40  3:14  Queen  
  40  3:17  Overlord  
  40  3:19  Drone  
  43  3:27  Overlord  
  43  3:35  Queen  
  43  3:37  Zergling x4  
  43  3:40  Drone x2  
  50  3:41  Zergling x2  
  50  3:43  Overlord  
  50  3:46  Drone x2  
  50  3:47  Drone  
  53  3:48  Drone  
  53  3:53  Queen  
  53  3:55  Drone  
  57  3:56  Drone  
  57  4:00  Overlord  
  57  4:01  Drone  
  57  4:02  Drone  
  60  4:08  Zergling x2  
  61  4:11  Drone  
  61  4:13  Extractor, Drone  
  62  4:17  Evolution Chamber  
  62  4:18  Drone, Evolution Chamber  
  62  4:22  Zergling x4  
  63  4:26  Drone x3  
  63  4:30  Overlord, Spore Crawler  
  65  4:32  Drone x2  
  65  4:35  Queen  
  65  4:38  Overlord  
  69  4:40  Drone  
  69  4:41  Overlord  
  69  4:44  Drone x3  
  73  4:48  Zerg Melee Weapons Level 1  
  73  4:54  Zerg Ground Armor Level 1  
  73  4:55  Zergling x4  
  73  4:57  Spore Crawler  
  73  4:59  Drone x2  
  76  5:02  Drone x3  
  79  5:07  Lair  
  79  5:08  Spore Crawler  
  79  5:11  Drone x3  
  81  5:18  Drone x3  
  81  5:19  Baneling Nest  
  81  5:20  Extractor, Drone  
  82  5:22  Extractor  
  82  5:23  Zergling x6  
  82  5:26  Queen  
  86  5:32  Queen  
  86  5:34  Zergling x6  
  91  5:35  Zergling x2  
  91  5:38  Zergling x6  
  91  5:41  Zergling x2  
  92  5:45  Zergling x6  
  92  5:49  Zergling x6  
  93  5:55  Zergling x6  
  86  5:59  Zergling x4  
  86  6:02  Queen  
  79  6:05  Overseer  
  79  6:06  Drone x3  
  79  6:10  Drone  
  81  6:11  Extractor  
  81  6:12  Extractor, Drone  
  81  6:13  Spire  
  81  6:17  Drone  
  78  6:22  Drone x2  
  79  6:29  Overlord  
  79  6:31  Centrifical Hooks, Drone  
  80  6:34  Drone  
  81  6:40  Drone  
  81  6:41  Drone x3  
  81  6:42  Overlord  
  81  6:43  Drone  
  86  6:48  Drone x3  
  86  6:51  Hatchery  
  86  6:52  Drone  
  89  6:54  Zergling x2  
  89  6:55  Zergling x6  
  89  6:58  Zergling x2  
  89  7:00  Baneling x2  
  89  7:01  Baneling x3  
  94  7:05  Overlord  
  94  7:07  Baneling  
  94  7:13  Zergling x10, Queen  
  96  7:20  Zergling x2  
  96  7:21  Zergling x2  
  93  7:23  Zergling x2  
  93  7:37  Extractor  
  93  7:39  Drone x3  
  93  7:42  Mutalisk x3  
  93  7:43  Mutalisk x2  
  105  7:47  Mutalisk  
  107  7:52  Mutalisk x2  
  107  7:55  Overseer  
  107  7:58  Zergling x8  
  115  8:01  Overlord  
  115  8:02  Overlord  
  115  8:03  Baneling x4  
  115  8:05  Overlord  
  115  8:07  Mutalisk x2  
  115  8:11  Zergling x8  
  115  8:12  Zergling x2  
  118  8:18  Mutalisk x2  
  120  8:21  Zergling x2  
  120  8:23  Drone  
  120  8:24  Drone x4  
  120  8:26  Queen  
  128  8:27  Drone  
  128  8:29  Drone  
  128  8:31  Pneumatized Carapace  
  128  8:32  Drone  
  128  8:33  Drone  
  133  8:34  Drone  
  133  8:35  Zergling x2  
  133  8:40  Zergling x6  
  130  8:44  Drone  
  130  8:47  Drone  
  129  8:50  Extractor  
  129  8:51  Infestation Pit  
  126  8:56  Baneling  
  126  8:57  Drone, Baneling x7  
  126  9:00  Drone x3  
  130  9:03  Zerg Flyer Weapons Level 1  
  130  9:05  Overlord, Hatchery, Drone  
  130  9:06  Baneling  
  130  9:07  Zergling x6, Baneling  
  133  9:10  Mutalisk x2  
  133  9:15  Drone  
  133  9:16  Drone x2  
  140  9:17  Drone  
  140  9:19  Zergling x6  
  140  9:23  Zergling x2  
  146  9:24  Zergling x8  
  146  9:26  Overlord  
  146  9:28  Overlord  
  146  9:29  Drone  
  146  9:31  Drone x2  
  152  9:36  Overlord, Hive  
  152  9:43  Overlord x2  
  152  9:45  Mutalisk x2  
  158  9:53  Mutalisk  
  158  9:55  Baneling x5  
  158  9:57  Zerg Ground Armor Level 2  
  158  10:00  Zergling x2, Zerg Melee Weapons Level 2  
  158  10:01  Zergling x12  
  158  10:04  Drone x3  
  158  10:06  Extractor, Baneling x3  
  167  10:07  Zergling x4  
  167  10:11  Baneling x6  
  167  10:12  Zergling x6  
  171  10:14  Zergling x2  
  171  10:15  Zergling x2  
  171  10:20  Zergling x12  
  171  10:25  Zergling x4  
  173  10:30  Zergling x6  
  173  10:31  Zergling x4  
  173  10:35  Drone x2  
  174  10:40  Drone x3  
  174  10:41  Drone x2  
  179  10:43  Mutalisk  
  179  10:46  Baneling x5  
  179  10:48  Adrenal Glands  
  179  10:49  Drone x2  
  183  10:52  Zergling x6, Ultralisk Cavern  
  183  10:55  Baneling x7  
  185  10:58  Zergling x2  
  185  11:00  Baneling x4  
  185  11:03  Zergling x8  
  184  11:06  Zergling x2  
  184  11:07  Baneling x6  
  182  11:12  Zergling x12  
  182  11:13  Zergling x6  
  182  11:14  Zergling x4  
  182  11:17  Zergling x6  
  183  11:20  Mutalisk  
  183  11:21  Mutalisk x2  
  183  11:24  Overlord  
  189  11:29  Drone  
  189  11:35  Baneling  
  189  11:36  Baneling x8  
  189  11:38  Zergling x10  
  182  11:48  Zergling x12  
  182  11:49  Zergling x2  
  182  11:50  Zergling x4  
  165  11:54  Chitinous Plating, Baneling  
  165  11:55  Baneling x4  
  165  11:56  Zergling x16  
  165  11:59  Ultralisk  
  165  12:00  Zergling x2  
  180  12:09  Zergling x18  
  180  12:12  Hatchery  
  186  12:16  Zerg Ground Armor Level 3  
  185  12:22  Zergling x2  
  185  12:23  Zergling x8  
  185  12:26  Baneling  
  177  12:33  Zergling x4, Ultralisk x2  
  162  12:37  Zergling x10  
  162  12:38  Zergling x4  
  162  12:41  Zergling x8  
  160  12:48  Zergling x4, Ultralisk  
  160  12:50  Zergling x6  
  166  12:56  Mutalisk x2  
  168  13:02  Zergling x12  
  168  13:04  Zerg Melee Weapons Level 3  
  174  13:06  Zergling x4  
  174  13:12  Zergling x8  
  171  13:13  Anabolic Synthesis  
  171  13:16  Ultralisk  
  171  13:22  Zergling x6  
  171  13:27  Zerg Flyer Weapons Level 2  
  171  13:28  Zergling x6  
  171  13:31  Overseer  
  171  13:34  Zergling x18  
  181  13:35  Zergling x2  
  181  13:36  Zergling x2  
  181  13:39  Baneling x5  
  181  13:40  Baneling x3  
  184  13:42  Baneling x5  
  184  13:43  Baneling  
  184  13:44  Zergling x4  
  184  13:46  Baneling  
  184  13:47  Baneling x2  
  186  13:49  Zergling x6  
  186  13:50  Zergling x2  
  186  13:51  Zergling x4  
  186  13:54  Zergling x6  
  195  13:56  Zergling x4  
  195  13:57  Zergling x2  
  195  14:01  Zergling x4  
  197  14:03  Baneling x2  
  197  14:04  Baneling x10  
  197  14:06  Drone x3  
  200  14:11  Baneling x9  
  200  14:14  Baneling  
  200  14:15  Baneling x7  
  199  14:27  Zergling x2  
  199  14:28  Zergling x4  
  176  14:34  Zergling x16, Ultralisk x2  
  176  14:38  Zergling x12  
  193  14:40  Zergling x2  
  195  14:46  Baneling x3  
  195  14:48  Baneling x2  
  195  14:49  Baneling x6  
  195  14:51  Zergling x10  
  200  14:57  Baneling x10  
  200  14:58  Baneling  
  200  15:09  Baneling x10  
  195  15:23  Zergling x10  
  195  15:26  Zergling x10  
  181  15:29  Zergling x2  
  181  15:30  Zergling x32  
  181  15:33  Queen  
  184  15:36  Mutalisk x2  
  184  15:39  Mutalisk x4  
  196  15:43  Zergling x2  
  196  15:44  Zergling x4  
  196  15:45  Baneling x7  
  199  15:51  Baneling x5  
  199  15:54  Hatchery  
  199  15:55  Baneling x3  
  198  16:08  Zergling x34  
  188  16:12  Zergling x8  
  188  16:16  Zergling x2  
  182  16:18  Ultralisk  
  182  16:21  Baneling  
  182  16:22  Zergling x14, Baneling x3  
  195  16:29  Zergling x4  
  195  16:30  Queen  
  195  16:32  Baneling x11  
  195  16:33  Zergling x2  
  195  16:34  Zergling x10  
  195  16:36  Zergling x2  
  193  16:41  Zergling x10  
  193  16:44  Zergling x6  
  193  16:45  Baneling x3  
  193  16:46  Baneling x6  
  191  16:48  Zergling x2  
  191  16:49  Mutalisk x3  
  194  16:56  Zergling x12  
  194  16:59  Baneling  
  194  17:00  Zergling x12, Baneling x4  
  196  17:06  Zergling x6  
  199  17:13  Zergling x4  
  200  17:20  Zergling x22  
  184  17:25  Mutalisk x3  
  176  17:36  Zergling x6  
  176  17:37  Zergling x18  
  178  17:44  Zergling x6  
  175  17:49  Mutalisk x4  
  176  17:55  Zergling x2  
  176  17:56  Zergling x2  
Show
View Real Time Build Order
Export as new Build Order

DPGCure Terran 

Build Orders: Reaper Expand, Hellion Banshee 

Get SALT Encoding   

  12  0:00  SCV  
  13  0:12  SCV  
  14  0:17  Supply Depot  
  14  0:24  SCV  
  15  0:38  SCV  
  15  0:40  Barracks  
  15  0:42  Refinery  
  16  0:50  SCV  
  17  1:02  SCV  
  18  1:15  SCV  
  19  1:26  Reaper  
  19  1:27  Orbital Command  
  20  1:37  Command Center  
  20  1:49  Supply Depot  
  20  1:52  SCV  
  21  1:58  Marine  
  22  2:04  SCV  
  23  2:13  Factory  
  23  2:16  SCV  
  23  2:19  Barracks Reactor  
  24  2:28  SCV  
  25  2:37  Command Center  
  25  2:40  SCV  
  26  2:49  Orbital Command  
  26  2:53  SCV  
  27  2:59  Starport  
  27  3:04  Hellion  
  27  3:05  Hellion  
  31  3:06  SCV  
  31  3:11  Refinery  
  32  3:15  Barracks Tech Lab, SCV  
  32  3:18  SCV  
  34  3:28  Hellion x2  
  34  3:29  SCV  
  34  3:31  SCV  
  40  3:40  Banshee, Marine  
  45  3:41  SCV  
  45  3:43  SCV  
  46  3:49  Orbital Command  
  46  3:53  SCV  
  46  3:55  SCV  
  48  3:57  Cloaking Field  
  48  4:02  Hellion x2  
  52  4:03  Supply Depot  
  52  4:05  SCV  
  52  4:07  Barracks Tech Lab, SCV  
  54  4:15  SCV  
  55  4:17  SCV  
  55  4:19  SCV  
  55  4:23  Banshee, Supply Depot  
  60  4:25  Hellion  
  60  4:26  Hellion, Marine  
  65  4:32  SCV x2  
  65  4:33  Supply Depot, SCV  
  68  4:42  Armory  
  68  4:45  SCV x3  
  71  4:46  Supply Depot  
  71  4:49  Hellion x2, Marine  
  76  4:56  Supply Depot  
  76  4:57  SCV x3  
  76  4:59  Stimpack  
  77  5:07  Orbital Command, Marine  
  77  5:10  Hellion x2, SCV x2  
  77  5:13  Barracks  
  84  5:17  Barracks  
  84  5:23  Refinery  
  84  5:24  SCV x2  
  84  5:25  Refinery  
  84  5:26  Starport Reactor  
  86  5:30  Supply Depot x2  
  86  5:32  Marine  
  86  5:34  Hellion x2, SCV  
  91  5:48  SCV x3  
  86  5:55  Hellion x2  
  85  6:00  SCV x3  
  85  6:02  Barracks Reactor  
  82  6:05  Barracks Reactor  
  82  6:06  Marine  
  75  6:12  SCV x3  
  75  6:16  Engineering Bay  
  75  6:17  Engineering Bay  
  78  6:21  Hellion x2  
  78  6:24  Marine  
  78  6:25  SCV x3  
  86  6:28  Barracks, Medivac x2  
  86  6:29  Barracks  
  90  6:38  Supply Depot  
  90  6:39  Combat Shield  
  90  6:40  SCV  
  90  6:42  Marine  
  90  6:43  Hellion x2  
  90  6:46  SCV  
  98  6:47  SCV  
  98  6:48  Supply Depot  
  98  6:56  Factory  
  98  7:00  Marine x5  
  103  7:07  SCV x3  
  106  7:08  Refinery  
  106  7:09  Refinery  
  106  7:15  Widow Mine x2  
  110  7:18  Reaper, Marine  
  110  7:20  Marine x2  
  110  7:23  Barracks Reactor, SCV x3  
  110  7:24  Barracks Reactor, Medivac x2  
  103  7:33  Command Center, Marine  
  103  7:36  Marine  
  105  7:37  Marine x2  
  105  7:41  Drilling Claws  
  105  7:42  Supply Depot, Sensor Tower  
  105  7:43  Widow Mine x3  
  113  7:50  Marine  
  113  7:51  Marine  
  115  7:52  Terran Infantry Weapons Level 1  
  115  7:53  Terran Infantry Armor Level 1  
  115  7:54  Medivac, Marine  
  115  7:55  Marine x2  
  120  7:59  Marine x2  
  120  8:00  Marine x2  
  124  8:08  Marine x2  
  124  8:12  Marine  
  126  8:13  Marine x2  
  126  8:17  Thor, Marine x4  
  126  8:18  Widow Mine x2  
  126  8:19  Medivac  
  132  8:26  Marine x2  
  134  8:30  Marine  
  134  8:31  Marine x2  
  134  8:34  Medivac  
  135  8:35  Marine x4  
  138  8:44  Marine x2  
  138  8:48  Widow Mine x2, Marine  
  139  8:49  Medivac, Marine x2  
  139  8:50  Terran Vehicle And Ship Armor Level 1  
  139  8:53  Barracks, SCV, Marine x4  
  139  8:54  SCV x2  
  139  8:55  Barracks  
  144  8:56  Barracks  
  144  8:57  Missile Turret x2  
  144  8:58  Missile Turret  
  144  9:00  Missile Turret  
  144  9:02  Missile Turret  
  144  9:05  Supply Depot  
  144  9:14  Thor, Concussive Shells  
  144  9:16  Missile Turret  
  150  9:20  Missile Turret  
  150  9:22  Planetary Fortress, Bunker  
  150  9:23  Missile Turret  
  150  9:24  Marine x2  
  150  9:25  Marauder  
  150  9:26  Widow Mine  
  150  9:29  Supply Depot  
  150  9:30  Supply Depot  
  156  9:38  Widow Mine  
  158  9:43  Medivac x2  
  158  9:44  Barracks Tech Lab x3  
  162  9:47  Marauder  
  162  9:50  Supply Depot x2, Marine x4  
  162  9:51  Widow Mine  
  170  9:53  Missile Turret  
  170  9:58  Supply Depot  
  170  9:59  Widow Mine x2  
  174  10:11  Marauder, Marine x2  
  174  10:12  Marauder x3, Widow Mine, Marine x5  
  174  10:13  Marine  
  192  10:20  Widow Mine  
  189  10:23  Thor  
  195  10:34  Marauder x2, Widow Mine, Marine  
  200  10:42  Widow Mine  
  198  10:46  Command Center, Marine x2  
  198  10:47  Terran Infantry Armor Level 2, Marauder, Terran Infantry Weapons Level 2  
  198  10:48  Terran Vehicle And Ship Armor Level 2  
  189  11:05  Marine x4  
  189  11:06  Marauder x2, Marine x4  
  189  11:07  Marauder  
  189  11:08  Marauder  
  193  11:22  Widow Mine x3  
  193  11:23  Marine  
  196  11:34  Barracks x2  
  196  11:38  Barracks  
  196  11:43  Marauder, Marine x4  
  196  11:46  Widow Mine  
  196  11:47  Widow Mine, Marine  
  199  11:48  Thor, Marauder, Marine x2  
  199  11:53  Medivac x2  
  184  11:54  Marauder, Marine x2  
  184  12:01  Marine x2  
  190  12:05  Marauder  
  190  12:06  Marine x3  
  190  12:08  Widow Mine x2  
  199  12:13  Missile Turret  
  199  12:14  Missile Turret  
  199  12:15  Marine  
  190  12:32  Marine x4  
  190  12:33  Marauder x2  
  156  12:38  Marine x2  
  156  12:39  Marauder x2, Marine x2  
  156  12:41  Thor  
  156  12:42  Widow Mine  
  144  12:48  Planetary Fortress  
  144  12:50  Marine x4  
  138  12:54  Marauder x2, Widow Mine  
  138  12:56  Marine  
  138  12:57  Medivac x2  
  138  12:58  Marine x3  
  132  13:00  Marauder, Marine  
  136  13:06  Barracks Tech Lab x2  
  136  13:07  Barracks Reactor  
  136  13:13  Engineering Bay x2, Marine x3  
  136  13:16  Marauder  
  136  13:18  Widow Mine  
  136  13:19  Marine x2  
  139  13:20  Marine  
  139  13:23  Marine  
  139  13:25  Widow Mine  
  143  13:27  Marine  
  143  13:28  Marauder  
  146  13:41  Marine x2  
  146  13:42  Marauder x2  
  146  13:45  Sensor Tower  
  146  13:46  Widow Mine  
  146  13:47  Starport Reactor, Marauder x3, Marine x4  
  146  13:48  Marine x2  
  165  13:49  Marauder  
  165  13:54  Marine x2  
  170  13:59  Marine x2  
  172  14:03  Marauder x2  
  172  14:05  Marine x5  
  172  14:06  Marine  
  172  14:08  Marauder  
  172  14:09  Marauder x2  
  188  14:10  Terran Infantry Weapons Level 3, Marauder  
  188  14:12  Marine  
  188  14:13  Terran Infantry Armor Level 3  
  188  14:14  Marine  
  192  14:17  Marine x2  
  191  14:24  Marauder  
  191  14:25  Marauder, Marine x4  
  191  14:26  Marine x2  
  191  14:29  Marine  
  191  14:30  Marauder x2, Marine  
  173  14:31  Marine  
  173  14:32  Marine  
  173  14:35  Marine x2  
  146  14:43  Marine x4  
  146  14:44  Marine  
  146  14:45  Marine  
  152  14:46  Marauder  
  152  14:47  Marauder  
  152  14:48  Marauder, Marine  
  152  14:49  Marauder  
  152  14:51  Marauder x2  
  165  14:56  Widow Mine x2  
  165  14:57  Widow Mine  
  171  15:04  Medivac, Marine x2  
  175  15:07  Marauder  
  175  15:08  Marauder  
  175  15:12  Marine x3  
  175  15:13  Marauder, Marine  
  185  15:14  Marine  
  185  15:18  Widow Mine x2  
  172  15:31  Marauder x2, Marine x7  
  172  15:32  Marauder x2, Marine  
  178  15:38  Marauder, Marine x2  
  178  15:41  Marine  
  183  15:48  Widow Mine x3  
  183  15:49  Marine x2  
  191  15:53  Marauder  
  193  16:01  Marine x3  
  193  16:02  Marauder x2  
  199  16:05  Marine x3  
  169  16:14  Marine x2  
  169  16:15  Marauder x2, Marine x2  
  169  16:16  Marine x2  
  164  16:18  Widow Mine  
  164  16:19  Marine  
  164  16:21  Widow Mine  
  164  16:22  Widow Mine  
  169  16:29  Marauder, Marine x2  
  169  16:31  Marine x3  
  162  16:32  Marine  
  148  16:43  Marauder x2, Marine x4  
  148  16:45  Widow Mine  
  147  16:48  Widow Mine x2  
  149  16:57  Medivac x2, Marine  
  149  16:58  Marauder  
  152  17:09  Thor  
  152  17:10  Widow Mine x2  
  154  17:25  Marine x4  
  154  17:26  Marauder x3, Marine x2  
  143  17:33  Marine x5  
  143  17:34  Marauder x2  
  115  17:43  Marine x6  
  112  17:47  Marauder, Marine  
  112  17:48  Marauder  
  112  17:51  Marine x4  
  104  17:52  Marauder  
  104  17:54  Marine x2  
Tags
 
Add a new tag
Caveats
  • Supply blocks, unpowered buildings, or Contaminate may cause inaccurate times.
  • Supply counts are checked every 10 seconds.